 Dungeon Crawl Stone Soup version 0.19.4-12-gccf7e64 (webtiles) character file.

34 muscothym the Shield-Bearer (level 3, -9/36 HPs)
             Began as a Troll Fighter on Feb 26, 2017.
             Killed by nerve-wracking pain
             ... invoked by Menkaure
              (11 damage)
             ... on level 5 of the Dungeon.
             The game lasted 00:06:31 (1008 turns).

muscothym the Shield-Bearer (Troll Fighter)         Turns: 1008, Time: 00:06:32

Health: -9/36      AC:  5    Str: 25    XL:     3   Next: 14%
Magic:  2/2        EV:  8    Int:  4    God:
Gold:   100        SH:  9    Dex:  9    Spells: 0 memorised, 2 levels left

rFire  . . .     SeeInvis .     a - +0 flail
rCold  . . .     Gourm    +     b - +0 robe
rNeg   . . .     Faith    .     c - +0 shield
rPois  .         Spirit   .     (helmet restricted)
rElec  .         Reflect  .     (no cloak)
rCorr  .         Harm     .     (gloves unavailable)
MR     .....                    (boots unavailable)
Stlth  +.........               (no amulet)
                                (no ring)
                                (no ring)

@: starving
A: unfitting armour, claws 3, fast metabolism 3, gourmand, regeneration 1,
shaggy fur 1, tough skin 2
a: no special abilities


You were on level 5 of the Dungeon.
You were starving.

You visited 1 branch of the dungeon, and saw 5 of its levels.

You collected 100 gold pieces.

Inventory:

Hand Weapons
 a - a +0 flail (weapon)
 j - a +0 club
 p - a cursed -3 short sword
Armour
 b - a +0 robe (worn)
 c - a +0 shield (worn)
 i - a +0 leather armour
 l - a +0 ring mail
 s - a cursed +0 scale mail
Scrolls
 g - 2 scrolls of enchant weapon {unknown}
 h - 3 scrolls of remove curse {unknown}
 k - 2 scrolls of identify {unknown}
 m - a scroll of fear {unknown}
 o - a scroll of recharging {unknown}
 q - a scroll of random uselessness {unknown}
 r - a scroll of teleportation {unknown}
Potions
 d - a potion of might
 e - 3 potions of curing {unknown}
 n - 2 potions of heal wounds {unknown}
Comestibles
 f - a bread ration


   Skills:
 + Level 2.6 Fighting
 + Level 2.2 Maces & Flails
 + Level 2.7 Dodging
 + Level 2.8 Shields


You had 2 spell levels left.
You didn't know any spells.

Dungeon Overview and Level Annotations

Branches:
Dungeon (5/15)
 Temple: D:4-7

Altars:
Dithmenos

Annotations:
D:5 Menkaure


Innate Abilities, Weirdness & Mutations

You are too large for most types of armour.
You have claws for hands.
Your metabolism is lightning-fast.
You like to eat raw meat.
Your natural rate of healing is unusually fast.
You are covered in fur. (AC +1)
You have very tough skin. (AC +2)


Message History

Menkaure calls on the powers of darkness!
Your body is wracked with pain!
The worker ant convulses!
The orc convulses!
You block the worker ant's attack. The worker ant bites you.
You closely miss the worker ant.
The worker ant is severely wounded.
You block Menkaure's attack. The worker ant barely misses you.
Menkaure completely misses you.
You hit the worker ant but do no damage.
The worker ant is severely wounded.
The worker ant bites you. Menkaure hits you. The worker ant bites you.
You block the orc's attack.
You hit the worker ant but do no damage.
The worker ant is severely wounded.
Menkaure hits you!
* * * LOW HITPOINT WARNING * * *
The worker ant bites you.
* * * LOW HITPOINT WARNING * * *
Menkaure gestures at you while chanting.
Pain shoots through your body!
You die...

o.........
.........#
.........#
.........#
......"..#
.........#####
........o....###
#.M@a....#
##..........
#..........
##.........
#.........
##.....##.
#######


You could see Menkaure, a worker ant and an orc.

Vanquished Creatures
  An adder (D:3)
  3 dart slugs
  A leopard gecko (D:2)
  2 giant cockroaches
  A goblin (D:1)
  4 hobgoblins
  A bat (D:1)
  A frilled lizard (D:1)
  4 rats
18 creatures vanquished.

Notes
Turn   | Place    | Note
-------+----------+-------------------------------------------
     0 | D:1      | muscothym the Troll Fighter began the quest for the Orb.
     0 | D:1      | Reached XP level 1. HP: 22/22 MP: 0/0
   190 | D:1      | Reached XP level 2. HP: 26/29 MP: 1/1
   624 | D:3      | Found a shadowy altar of Dithmenos.
   635 | D:3      | Reached XP level 3. HP: 36/36 MP: 2/2
   994 | D:5      | Entered Level 5 of the Dungeon
   997 | D:5      | Noticed Menkaure
  1008 | D:5      | Killed from afar by Menkaure

Skill      XL: |  1  2 |
---------------+-------+-----
Maces & Flails | 2 |  2.2
Fighting       | |  2.6
Dodging        | |  2.7
Shields        | |  2.8

Action                   || total
-------------------------++-------
Melee: Flail             ||    74
  Eat: Bread ration      ||     1
Armor: Robe              ||    28
Dodge: Dodged            ||    21
Block: Shield            ||    31
